 Dungeon Crawl Stone Soup version 0.31.0-12-g77e489cdc1 (webtiles) character file.

Game seed: 8054021662513651860

19744 Doomgape the Geomancer (level 12, -13/59 HPs)
             Began as a Gargoyle Earth Elementalist on Feb 13, 2024.
             Was a Believer of Vehumet.
             Mangled by a minotaur
             ... wielding a +7 antimagic rapier
              (35 damage)
             ... in a Gauntlet.
             The game lasted 01:12:45 (15455 turns).

Doomgape the Geomancer (GrEE)                      Turns: 15455, Time: 01:12:45

Health: -13/59     AC: 14    Str: 13    XL:     12   Next: 72%
Magic:  1/35       EV: 16    Int: 20    God:    Vehumet [**....]
Gold:   811        SH:  0    Dex: 10    Spells: 13/31 levels left

rFire   + . .        J - staff of earth
rCold   . . .        (no shield)
rNeg    + + .        G - +2 robe {Will+}
rPois   ∞            (no helmet)
rElec   +            (no cloak)
rCorr   .            (no gloves)
SInv    .            F - +1 pair of boots of True Grit {rF+ rN+}
Will    +....        c - amulet of regeneration
Stlth   ++++         p - +5 ring of evasion
HPRegen 1.09/turn    I - ring of magical power
MPRegen 0.24/turn

%: no teleportation
@: no status effects
A: sickness immunity, AC +8, negative energy resistance 1, electricity
resistance, torment resistance 1, petrification resistance
a: Renounce Religion


You were in a Gauntlet.
You worshipped Vehumet.
Vehumet was pleased with you.
You visited 3 branches of the dungeon, and saw 13 of its levels.
You also visited: Bailey and Gauntlet.

You collected 811 gold pieces.

Inventory:

Hand Weapons
 A - the +8 long sword of the Neverending Bones {elec, rCorr Str+2 Dex+4}
   (You found it on level 9 of the Dungeon)

   Str+2:     It affects your strength (+2).
   Dex+4:     It affects your dexterity (+4).
   rCorr:     It protects you from acid and corrosion.
Missiles
 o - 4 throwing nets
Armour
 u - a scarf of harm
 w - a +2 robe of resistance
 F - the +1 pair of boots of True Grit (worn) {rF+ rN+}
   (You acquired it on level 8 of the Dungeon)

   rF+:       It protects you from fire.
   rN+:       It protects you from negative energy.
 G - a +2 robe of willpower (worn)
Magical Staves
 v - a staff of alchemy
 J - a staff of earth (weapon)
Jewellery
 c - an amulet of regeneration (around neck)
 k - a ring of positive energy
 p - a +5 ring of evasion (left hand)
 x - a ring of protection from fire
 y - the ring of the Vendetta {Fire Str+3 Int+3 Dex-3}
   (You found it in a Gauntlet)

   [ring of fire]

   Fire:      It enhances your fire magic.
   Str+3:     It affects your strength (+3).
   Int+3:     It affects your intelligence (+3).
   Dex-3:     It affects your dexterity (-3).
   rF+:       It protects you from fire.
   rC-:       It makes you vulnerable to cold.
 I - a ring of magical power (right hand)
Wands
 i - a wand of mindburst (8)
 n - a wand of iceblast (28)
 t - a wand of paralysis (8)
 H - a wand of polymorph (4)
 L - a wand of acid (1)
Scrolls
 a - a scroll of vulnerability
 d - 11 scrolls of teleportation
 f - 2 scrolls of amnesia
 l - 4 scrolls of immolation
 m - a scroll of enchant armour
 r - a scroll of identify
 C - a scroll of revelation
Potions
 b - 2 potions of magic
 e - 6 potions of ambrosia
 g - 2 potions of heal wounds
 h - 4 potions of lignification
 j - 2 potions of curing
 q - a potion of enlightenment
 s - a potion of cancellation
 z - a potion of attraction
 B - a potion of mutation
 D - a potion of invisibility


   Skills:
 - Level 1.5 Dodging
 - Level 10.2 Stealth
 - Level 10.2 Spellcasting
 + Level 12.1 Conjurations
 + Level 1.6 Necromancy
 + Level 13.5 Earth Magic


You had 13 spell levels left.
You knew the following spells:

 Your Spells              Type           Power      Damage    Failure   Level
a - Sandblast             Erth           100%       2d20      1%          1
b - Stone Arrow           Conj/Erth      100%       3d13      1%          3
c - Passwall              Erth           77%        N/A       1%          3
d - Brom's Barrelling Bo  Conj/Erth      75%        2d9       1%          4
e - Petrify               Alch/Erth      54%        N/A       4%          4
f - Blink                 Tloc           20%        N/A       11%         2
g - Kiss of Death         Conj/Necr      100%       2d13      1%          1

Your spell library contained the following spells:

 Spells                   Type           Power      Damage    Failure   Level
 Magic Dart               Conj           100%       1d8       1%          1
 Call Imp                 Summ           20%        N/A       11%         2
 Olgreb's Toxic Radiance  Alch           10%        N/A       56%         4
 Ozocubu's Refrigeration  Ice            5%         4d8       100%        7
 Discord                  Hex            5%         N/A       100%        8


Dungeon Overview and Level Annotations

Branches:
Dungeon (11/15)            Temple (1/1) D:6            Lair (1/5) D:11
 Bailey (visited)         Gauntlet (1/1)
    Orc: D:9-12

Altars:
Ashenzari
Cheibriados
Dithmenos
Elyvilon
Fedhas
Gozag
Hepliaklqana
Kikubaaqudgha
Makhleb
Nemelex Xobeh
Okawaru
Qazlal
Ru
Sif Muna
Trog
Uskayaw
Vehumet
Wu Jian
Xom
Yredelemnul
Zin
The Shining One

Shops:
D:4 =   D:9 (

Annotations:
D:4 2 transporters Gauntlet 6 transporters


Innate Abilities, Weirdness & Mutations

You are immune to sickness and miasma.
Your stone body is resilient. (AC +8)
You are immune to poison.
You resist negative energy. (rN+)
You are resistant to electric shocks. (rElec)
You are resistant to unholy torment.
You are immune to petrification.


Message History

Aim: a minotaur, wielding a +7 antimagic rapier, wearing a +0 chain mail, wearing a +1 kite shield of cold resistance and quivering silver javelins (lightly wounded, 100% to hit)
You feel a surge of power!
You send a boulder barrelling forward!
The minotaur throws a silver javelin.
The silver javelin pierces through your boulder!!
Your boulder is destroyed!
The silver javelin pierces through you.
Casting: Brom's Barrelling Boulder (safe; 1% risk of failure)
Confirm with . or Enter, or press ? or * to list all spells.
Aiming: Brom's Barrelling Boulder (safe; 1% risk of failure)
Press: ? - help, Dir - move target, f/p - minotaur
Aim: a minotaur, wielding a +7 antimagic rapier, wearing a +0 chain mail, wearing a +1 kite shield of cold resistance and quivering silver javelins (lightly wounded, 100% to hit)
You feel a surge of power!
You send a boulder barrelling forward!
Unknown command.
The boulder barrels into the minotaur!
The minotaur is knocked back.
Your boulder slams into a wall and explodes!
The rocky shrapnel hits the minotaur.
The minotaur is lightly wounded.
Casting: Brom's Barrelling Boulder (safe; 1% risk of failure)
Confirm with . or Enter, or press ? or * to list all spells.
Aiming: Stone Arrow (safe; 1% risk of failure)
Press: ? - help, Shift-Dir - straight line, f/p - minotaur
Aim: a minotaur, wielding a +7 antimagic rapier, wearing a +0 chain mail, wearing a +1 kite shield of cold resistance and quivering silver javelins (lightly wounded, 89% to hit)
You feel a surge of power!
The minotaur blocks the stone arrow.
Unknown command.
Casting: Stone Arrow (safe; 1% risk of failure)
Confirm with . or Enter, or press ? or * to list all spells.
Aiming: Sandblast (safe; 1% risk of failure)
Press: ? - help, Shift-Dir - straight line, f/p - minotaur
Aim: a minotaur, wielding a +7 antimagic rapier, wearing a +0 chain mail, wearing a +1 kite shield of cold resistance and quivering silver javelins (sparse dust, lightly wounded, 93% to hit)
You feel a surge of power!
The blast of sand hits the minotaur!
The minotaur is moderately wounded.
The minotaur hits you with a +7 antimagic rapier!
You feel your power leaking away. The minotaur gores you.
The minotaur hits you with a +7 antimagic rapier!!
The minotaur closely misses you. The minotaur attacks as it pursues you!
The minotaur hits you with a +7 antimagic rapier!!
Ouch! That really hurt!
You die...

##..####### #≈..#.##..©
##..#.#.###
#####≈..#.##.##
######..###..#.###..
#...##..##§..#©...##
#.#.##..###..#.##.##
#.#.H...##≈..#.##...
#.#@##..###..#....## ###+
#...##....#..#.##.##
#..⌠.##.#.##...©#..#######
'⌠....'.#.......#.........
#°○.∩##.#.##....#.∩.......
#.⌠. #...##...©#..#######
# + #.#.##....#..#....*.
#.#.....###..#!...##
#.#.##..##§..#=.##.#


You could see a minotaur.

Vanquished Creatures
  An orc warlord (Bailey)
  A tengu warrior (Gauntlet)
  A two-headed ogre (D:9)
  Amaemon (D:10)
  Pikel (D:8)
  2 oklob plants (D:11)
  Maurice (D:8)
  2 cyclopes (D:11)
  An apocalypse crab (Gauntlet)
  A cane toad (Lair:1)
  An orange demon (D:10)
  2 tengu conjurers (Gauntlet)
  A kobold demonologist (D:10)
  2 komodo dragons
  2 queen bees
  3 trolls
  2 hornets
  A shadow (D:11)
  A vampire (D:11)
  A wyvern (D:9)
  6 wraiths
  23 yaks
  A steam dragon (D:8)
  7 vampire mosquitoes (D:10)
  An acid dragon (D:11)
  5 water moccasins
  6 orc warriors
  2 ice beasts
  2 sky beasts
  2 black bears
  3 wolves (Lair:1)
  A lemure (D:8)
  4 centaurs
  4 kobold brigands
  2 bullfrogs
  A gnoll sergeant (D:7)
  3 scorpions
  A water moccasin skeleton (D:6)
  28 killer bees
  3 howler monkeys
  A bullfrog zombie (D:6)
  A bombardier beetle (D:4)
  2 centaur zombies (D:6)
  3 hounds
  A jelly (D:4)
  4 orc priests
  A bullfrog skeleton (D:6)
  A centaur skeleton (D:6)
  2 iguanas (D:5)
  A sleepcap (D:7)
  Ijyb (D:5)
  11 orc wizards
  Natasha (thrice) (D:4)
  Terence (D:3)
  A howler monkey zombie (D:6)
  20 gnolls
  6 adders
  A shadow imp (D:8)
  3 white imps
  4 ufetubi (D:5)
  A dart slug (D:9)
  2 ribbon worms (D:5)
  34 orcs
  6 endoplasms
  2 giant cockroaches
  14 goblins
  7 hobgoblins
  12 jackals
  3 quokkas
  11 ball pythons
  7 bats
  3 frilled lizards
  32 kobolds
  3 rats
338 creatures vanquished.

Vanquished Creatures (collateral kills)
  5 boulders
5 creatures vanquished.

Vanquished Creatures (others)
  16 boulders
16 creatures vanquished.

Grand Total: 359 creatures vanquished

Notes
Turn   | Place    | Note
-------+----------+-------------------------------------------
     0 | D:1      | Doomgape the Gargoyle Earth Elementalist began the quest
                  | for the Orb.
     0 | D:1      | Reached XP level 1. HP: 10/10 MP: 3/3
   131 | D:1      | Reached XP level 2. HP: 15/15 MP: 0/5
   410 | D:1      | Reached skill level 4 in Earth Magic
   425 | D:1      | Reached XP level 3. HP: 19/19 MP: 0/6
  1506 | D:2      | Reached XP level 4. HP: 24/24 MP: 4/7
  1914 | D:3      | Noticed Terence
  1942 | D:3      | Killed Terence
  1950 | D:3      | Learned a level 3 spell: Stone Arrow
  1954 | D:3      | Learned a level 3 spell: Passwall
  2724 | D:3      | Reached XP level 5. HP: 28/28 MP: 6/9
  2965 | D:4      | Found Reusifed's Jewellery Emporium.
  3113 | D:4      | Noticed Natasha
  3117 | D:4      | Killed Natasha
  3118 | D:4      | Reached skill level 5 in Earth Magic
  3118 | D:4      | Reached XP level 6. HP: 32/32 MP: 7/10
  3160 | D:4      | Found a transporter.
  3170 | D:4      | Noticed Natasha
  3223 | D:4      | Killed Natasha
  3265 | D:4      | Noticed Natasha
  3271 | D:4      | Killed Natasha
  3334 | D:3      | Learned a level 4 spell: Brom's Barrelling Boulder
  3523 | D:4      | Found a transporter.
  3529 | D:4      | Noticed a fire bat
  3549 | D:4      | Reached XP level 7. HP: 24/36 MP: 8/12
  3735 | D:4      | Identified the +0 chain mail "Zujoven" {rElec rF- Regen+}
  3849 | D:5      | Entered Level 5 of the Dungeon
  3899 | D:5      | Reached skill level 5 in Stealth
  4082 | D:5      | Reached skill level 6 in Earth Magic
  4446 | D:5      | Reached XP level 8. HP: 41/41 MP: 8/14
  4550 | D:5      | Reached skill level 5 in Conjurations
  4714 | D:5      | Noticed Ijyb
  4717 | D:5      | Killed Ijyb
  5554 | D:6      | Reached skill level 5 in Spellcasting
  5554 | D:6      | Reached skill level 7 in Earth Magic
  5555 | D:6      | Noticed a troll
  5765 | D:6      | Found a staircase to the Ecumenical Temple.
  5901 | D:6      | Reached XP level 9. HP: 45/45 MP: 1/17
  6164 | D:6      | Killed a troll
  6421 | D:6      | Reached skill level 8 in Earth Magic
  7325 | D:7      | Noticed a hornet
  7329 | D:7      | Killed a hornet
  7638 | D:7      | Reached skill level 9 in Earth Magic
  7705 | D:8      | Reached XP level 10. HP: 34/50 MP: 10/19
  8147 | D:8      | Noticed Pikel
  8157 | D:8      | Killed Pikel
  8310 | D:8      | Found a flagged portal.
  8334 | Bailey   | Entered a bailey
  8339 | Bailey   | Noticed an orc warlord
  8444 | Bailey   | Found a runed translucent gate.
  8463 | Bailey   | Found a runed translucent gate.
  8464 | Bailey   | Found a runed translucent gate.
  8719 | Bailey   | Killed an orc warlord
  8975 | D:8      | Reached skill level 10 in Earth Magic
  9181 | D:8      | Acquired the +1 pair of boots of True Grit {rF+ rN+}
  9235 | D:8      | Noticed Maurice
  9241 | D:8      | Killed Maurice
  9521 | D:9      | Noticed a two-headed ogre
  9527 | D:9      | Killed a two-headed ogre
  9528 | D:9      | Reached skill level 10 in Stealth
  9610 | D:9      | Reached XP level 11. HP: 54/54 MP: 17/22
  9883 | D:9      | Identified the +8 long sword of the Neverending Bones
                  | {elec, rCorr Str+2 Dex+4}
 10145 | D:9      | Reached skill level 11 in Earth Magic
 10815 | D:9      | Found Veculoox's Weapon Shoppe.
 10925 | D:9      | Found a snail-covered altar of Cheibriados.
 11051 | Temple   | Entered the Ecumenical Temple
 11068 | Temple   | Became a worshipper of Vehumet
 11206 | D:10     | Entered Level 10 of the Dungeon
 11246 | D:10     | Reached skill level 10 in Conjurations
 11479 | D:10     | Noticed Amaemon
 11498 | D:10     | Killed Amaemon
 11643 | D:10     | Found an ornate altar of the Wu Jian Council.
 11643 | D:10     | Found a glowing silver altar of Zin.
 11652 | D:10     | Found a shadowy altar of Dithmenos.
 11654 | D:10     | Found a bloodstained altar of Trog.
 11664 | D:10     | Identified the +1 dagger of the Onslaught {drain, *Slow
                  | Int+8}
 11731 | D:10     | Reached skill level 12 in Earth Magic
 11735 | D:10     | Reached * piety under Vehumet
 11735 | D:10     | Offered knowledge of Shock by Vehumet.
 11930 | D:10     | Reached XP level 12. HP: 49/59 MP: 25/25
 11965 | D:10     | Noticed a sun demon
 12531 | D:10     | Learned a level 4 spell: Petrify
 13760 | D:11     | Found a staircase to the Lair.
 13937 | D:11     | Reached skill level 10 in Spellcasting
 14225 | Lair:1   | Entered Level 1 of the Lair of Beasts
 14229 | Lair:1   | Reached skill level 13 in Earth Magic
 14245 | Lair:1   | Learned a level 2 spell: Blink
 14530 | Lair:1   | Reached ** piety under Vehumet
 14530 | Lair:1   | Offered knowledge of Kiss of Death by Vehumet.
 14533 | Lair:1   | Learned a level 1 spell: Kiss of Death
 14692 | Lair:1   | Found a gate leading to a gauntlet.
 14702 | Gauntlet | Entered a Gauntlet
 14702 | Gauntlet | Found a transporter.
 14702 | Gauntlet | Found a transporter.
 14703 | Gauntlet | Found a transporter.
 14704 | Gauntlet | Found a transporter.
 14705 | Gauntlet | Found a transporter.
 14705 | Gauntlet | Noticed a tengu warrior
 14707 | Gauntlet | Found a transporter.
 14713 | Gauntlet | Found a transporter.
 14715 | Gauntlet | Found a transporter.
 14716 | Gauntlet | Found a transporter.
 14718 | Gauntlet | Found a transporter.
 14726 | Gauntlet | Found a transporter.
 14726 | Gauntlet | Noticed a wretched star
 14728 | Gauntlet | Found a transporter.
 15143 | Gauntlet | Killed a tengu warrior
 15144 | Gauntlet | Reached skill level 1 in Necromancy
 15386 | Gauntlet | Identified the ring of the Vendetta {Fire Str+3 Int+3
                  | Dex-3}
 15426 | Gauntlet | Noticed a minotaur
 15455 | Gauntlet | Mangled by a minotaur

Illustrated notes

Levels and vault maps discovered:
D:1:      dpeg_arrival_renting, layout_rooms, minmay_surrounded
D:2:      layout_loops_corners, nrook_uturn
D:3:      kennysheep_goblin_castle, layout_basic, minmay_misc_feat_enclosed,
          uniq_terence
D:4:      gammafunk_cloud_chamber, layout_cave_pools, serial_shops, shop,
          uniq_natasha
D:5:      layout_basic, cheibrodos_sewer_entry_sluice, uniq_ijyb
D:6:      layout_loops_corners, minmay_temple_entry_trees, serial_undead,
          serial_undead_f, serial_undead_d, serial_undead_e, serial_undead_b
D:7:      layout_basic, dk_rats_in_the_wall
D:8:      layout_basic, enter_bailey_4, uniq_maurice, uniq_pikel
D:9:      layout_roguey [special_room_bee], kennysheep_slug_shrine,
          serial_shops, nicolae_shop_tiny_real_fake_doors, corner_web_ring
D:10:     layout_small_grid, nicolae_overflow_macrodata_refinement, uniq_amaemon
D:11:     layout_basic, dpeg_oklobed_lair
Temple:   nicolae_temple_bog_church
Lair:1:   beast_lair_carwin_large_1, layout_chaotic_city, gauntlet_entry_generic
Gauntlet: minmay_gauntlet_mixed_big_or_small [gammafunk_gauntlet_arena_chambers,
          minmay_gauntlet_arena_77_two_paths, gammafunk_gauntlet_arena_hedges,
          minmay_gauntlet_arena_77_tiled_triplets,
          gammafunk_gauntlet_arena_crates,
          minmay_gauntlet_arena_77_hold_the_fort, gauntlet_exit_hidden_loot]

Skill      XL: |  1  2  3  4  5  6  7  8  9 10 11 12 |
---------------+-------------------------------------+-----
Earth Magic    | 4 5 6 7 9 10 12 13 | 13.5
Conjurations   | 2 3 4 6 7 9 10 12 | 12.1
Stealth        | 3 4 5 6 8 10 | 10.2
Spellcasting   | 3 4 5 6 7 9 10 | 10.2
Necromancy     | 1 |  1.6
Dodging        | |  1.5

Action                     |  1- 3 |  4- 6 |  7- 9 | 10-12 || total
---------------------------+-------+-------+-------+-------++-------
  Melee: Unarmed           |    18 |       |       |       ||    18
         Short sword       |    14 |       |       |       ||    14
         Dagger            |       |    15 |    50 |       ||    65
         Punch             |       |       |     1 |     1 ||     2
         Long sword        |       |       |       |    34 ||    34
         Staff             |       |       |       |     8 ||     8
   Cast: Sandblast         |    54 |    89 |   156 |   207 ||   506
         Stone Arrow       |       |     1 |    42 |   148 ||   191
         Brom's Barrelling |       |       |       |    24 ||    24
    Use: Scroll            |     5 |     5 |     2 |    12 ||    24
         Potion            |       |       |     3 |    10 ||    13
   Stab: Sleeping          |     1 |       |       |       ||     1
 Armour: Robe              |    22 |    58 |   112 |   250 ||   442
  Dodge: Dodged            |    46 |    53 |   180 |   356 ||   635
